[Event "1st Chessable Sunway Formentera 2022"]
[Site "Formentera Punta Prima"]
[Date "2022.05.06"]
[Round "8.5"]
[White "Vrolijk, Liam"]
[Black "Sargsyan, Shant"]
[Result "0-1"]
[ECO "E11"]
[WhiteElo "2467"]
[BlackElo "2641"]
[Annotator "TA"]
[PlyCount "98"]
[EventDate "2022.05.05"]
[EventType "swiss"]
[EventCountry "ESP"]
[SourceTitle "playchess.com"]
[Source "ChessBase"]
[SourceQuality "1"]
[TimeControl "40/5400+30:1800+30"]

1. d4 Nf6 2. c4 e6 3. g3 Bb4+ 4. Bd2 a5 5. Bg2 d5 6. Qc2 O-O 7. Nf3 c5 {[%emt 0:00:19] E11: Bogo-Indian.} 8. dxc5 d4 9. Bxb4 axb4 {[%emt 0:00:05] The position is equal.} 10. Ne5 {[%emt 0:02:33] Prevents Nc6.} Qc7 11. Nd3 e5 (11... Na6 $11) 12. Nd2 ({Better is} 12. Nxb4 $16 Qxc5 13. a3) 12... Na6 13. O-O {[%emt 0:05:37] [#]} h5 $146 ({Predecessor:} 13... Bf5 14. Nb3 Nd7 15. c6 bxc6 16. c5 Nf6 17. Qd2 Be4 18. Bxe4 Nxe4 19. Qc2 Qe7 {0-1 (51) Romanishin,O (2415)-Erigaisi,A (2675) Ciutadella de Menorca 2022}) 14. Nb3 h4 15. Qd2 (15. gxh4 e4 16. Ne1 Nxc5 $15) 15... h3 16. Bh1 Re8 17. f4 e4 18. Ne5 {[%emt 0:03:47] White wants to play a3.} Bg4 ({Black should try} 18... Nxc5 $11 19. Nxd4 Ncd7) 19. Qxd4 (19. Nxg4 Nxg4 20. Nxd4 (20. Qxd4 $2 Rad8 $19) 20... Qxc5 $11) (19. Nxd4 $14 Qxc5 20. e3) 19... Bxe2 $11 20. Rfe1 $36 {[%emt 0:00:52][%mdl 2048] Black is under pressure.} Rad8 21. Qf2 Bd3 22. Rad1 Qc8 {[%emt 0:03:33] Prevents c6.} (22... Re7 $11) 23. Nxd3 $2 (23. c6 $1 $16 {[%cal Rc6b7] and life is bright. And now cxb7 would win.} bxc6 24. Qa7) 23... exd3 $2 (23... Ng4 $1 $17 24. Qf1 exd3 25. Rxe8+ (25. Rxd3 $2 Rxd3 26. Bd5 Nxc5 $19) (25. Qxh3 Rxe1+ 26. Rxe1 d2 $17) 25... Rxe8) 24. Rxe8+ $14 Rxe8 25. Bf3 (25. Rxd3 $2 Ng4 26. Qd2 Nxc5 27. Nxc5 Qxc5+ 28. Kf1 Qxc4 $19) 25... d2 $2 (25... Ne4 $1 $11 26. Bxe4 Rxe4) 26. Rxd2 (26. Qxd2 $18 {has better winning chances.} Nxc5 27. Qxb4 Nxb3 28. axb3) 26... Ng4 27. Bxg4 (27. Qf1 $1 $16) 27... Qxg4 $11 28. Kf1 Qe6 {[%emt 0:01:28] Threatens to win with ...Qe4.} 29. Rd5 (29. Rc2 $11) 29... Qe4 $15 {[%emt 0:01:19] ( -> ...Qb1+)} 30. Re5 $1 (30. Kg1 $2 Qb1+ 31. Qf1 Re1 $19) 30... Rxe5 31. fxe5 Qxc4+ {[%emt 0:00:15][%mdl 4096] Endgame KQN-KQN} 32. Ke1 Qe4+ {[%emt 0:06:55][%mdl 1024] Black has compensation.} 33. Qe2 Qh1+ 34. Kd2 Nc7 35. Nc1 {[%emt 0:02:56] [#]} (35. Nd4 $11) 35... Ne6 $1 $17 {[%emt 0:02:48] Strongly threatening ...Nd4.} 36. Nb3 {[%emt 0:02:14] Against Nd4} (36. Nd3 $15) 36... Qd5+ (36... Qb1 37. Ke3 $17) 37. Kc2 Ng5 {[%emt 0:02:17] ...Nf3 is the strong threat.} ({Much weaker is} 37... Nxc5 $6 38. Nxc5 Qxc5+ 39. Kb3 $11) (37... Qg2 38. Kd2) 38. Nd2 {[%emt 0:01:48] Prevents Nf3.} (38. Qd3 $17 Qxe5 39. a4) 38... Qxc5+ 39. Kb3 $2 (39. Kb1) 39... Ne6 $19 {[%emt 0:04:15] White must now prevent ...Nd4+.} 40. Nf3 Qd4 $2 41. Ka4 {[%emt 0:05:24] [#]} (41. Kc2 $17 {was the only defense.}) 41... Nc5+ $2 ({Black should play} 41... Qb6 $1 $19 42. Kb3 g5) 42. Kb5 $11 Qd5 {[%emt 0:00:04] Hoping for ...Nd3+.} ({But not} 42... Ne6 $2 43. Ka4 Qc5 44. Qb5 $19) 43. Kxb4 Nd3+ 44. Kc3 Nc1 45. Qf1 (45. Qe3 $11 {remains equal.}) 45... Nxa2+ $17 46. Kc2 Nb4+ 47. Kc3 Qe4 {[%emt 0:02:45][%cal Ob7b5] Black is more active.} 48. Kb3 (48. Qd1 $17 Nd5+ 49. Kd2) 48... Nc6 $19 ({Stronger than} 48... Nd3 49. Nd2 Qd4 50. Kc2 Nb4+ 51. Kd1 $17) 49. Nh4 (49. Kc3) 49... g5 {[%emt 0:01:31] Weighted Error Value: White=0.56/Black=0.40} 0-1

[Event "1st Chessable Sunway Formentera 2022"]
[Site "Formentera Punta Prima"]
[Date "2022.05.06"]
[Round "8.6"]
[White "Yankelevich, Lev"]
[Black "Real, Thibault"]
[Result "1-0"]
[ECO "D78"]
[WhiteElo "2473"]
[BlackElo "2262"]
[Annotator "TA"]
[PlyCount "81"]
[EventDate "2022.05.05"]
[EventType "swiss"]
[EventCountry "ESP"]
[SourceTitle "playchess.com"]
[Source "ChessBase"]
[SourceQuality "1"]
[TimeControl "40/5400+30:1800+30"]

1. Nf3 Nf6 2. g3 d5 3. Bg2 g6 4. O-O Bg7 5. d4 O-O 6. c4 c6 7. Ne5 Ng4 {[%emt 0:03:09] now supersedes 7...dxc4. D78: Fianchetto Grünfeld: 6 0-0 c6.} 8. Nf3 ({White should play} 8. cxd5 $11 cxd5 9. Nf3) 8... dxc4 $15 9. a4 e5 {[%emt 0:04:42][%cal Re5d4] Black is slightly better.} 10. h3 {[%emt 0:00:14] [#]} e4 $1 11. Ng5 {[%emt 0:13:36] [#]} e3 $146 ({Predecessor:} 11... Nf6 12. e3 Re8 13. h4 h6 14. Nh3 b5 15. axb5 cxb5 16. Na3 Qb6 17. Qc2 Bb7 {1-0 (41) Macanga,B (1899)-Abdil,H (2100) Bosnjaci 2017}) 12. hxg4 Qxg5 13. Bxe3 Qxg4 14. Qc2 (14. Bf3 $15 Qe6 15. Na3) 14... Be6 ({Much weaker is} 14... Bxd4 $6 15. Bf3 Qd7 16. Rd1 $11) (14... Na6 $17) 15. Bf3 Qh3 16. Bg2 Qh5 17. Bf3 Bg4 18. Bxg4 Qxg4 19. Qxc4 Nd7 {[%emt 0:02:13] ...Qh3 is the strong threat.} 20. Nd2 Nb6 21. Qd3 Rad8 22. Nf3 Rfe8 23. Kg2 c5 24. Bg5 Rd5 25. a5 Rxg5 26. Qb5 {[%emt 0:00:30] [#]} ({Not} 26. Nxg5 $2 Nd5 27. Qf3 Qxg5 28. dxc5 Bxb2) 26... Nd7 $2 (26... Qe4 $1 $17 {Threatens to win with ...Nd5.} 27. axb6 a6) 27. Nxg5 $18 Rxe2 $2 {This costs Black the game.} (27... Qxg5 $16 {is more resistant.} 28. Qxd7 Rxe2) 28. Nf3 Rc2 29. Rac1 Rxc1 30. Rxc1 Bxd4 31. Qxb7 Nf6 32. Nxd4 Qxd4 {[%mdl 4096] Endgame KQR-KQN} 33. Rc3 Ne4 34. Rf3 f5 35. Qb8+ Kg7 36. Qxa7+ Kh6 37. Qe7 {[%emt 0:00:30] Rf4 would kill now.} Qd5 38. Kh2 (38. a6 $142 g5 39. Qf8+ Kg6 40. a7) 38... Ng5 39. Rf4 {[%emt 0:00:30][%cal Rf4h4] White mates.} Nf3+ {[#]} 40. Rxf3 $1 Qxf3 41. Qe3+ {[%emt 0:30:30] Weighted Error Value: White=0.15 (very precise) /Black=0.74} 1-0

[Event "1st Chessable Sunway Formentera 2022"]
[Site "Formentera Punta Prima"]
[Date "2022.05.06"]
[Round "8.7"]
[White "Soham Das"]
[Black "Batsiashvili, Nino"]
[Result "1/2-1/2"]
[ECO "C54"]
[WhiteElo "2266"]
[BlackElo "2463"]
[Annotator "TA"]
[PlyCount "130"]
[EventDate "2022.05.05"]
[EventType "swiss"]
[EventCountry "ESP"]
[SourceTitle "playchess.com"]
[Source "ChessBase"]
[SourceQuality "1"]
[TimeControl "40/5400+30:1800+30"]

1. e4 e5 2. Nf3 Nc6 3. Bc4 Bc5 4. d3 Nf6 5. Nbd2 d6 6. c3 a6 7. Bb3 Ba7 8. O-O O-O 9. h3 Ne7 10. Re1 Ng6 11. Nf1 d5 {[%emt 0:02:28] C54: Giuoco Piano: 4 c3 Nf6, main lines with 5 d4 and 5 d3.} (11... Be6 $14) 12. exd5 $1 $16 {[%emt 0:11:55] [#]} Qd6 $146 ({Predecessor:} 12... Nxd5 13. Nxe5 Nxe5 14. Rxe5 Qf6 15. d4 Nf4 16. Bxf4 Qxf4 17. Qd2 Qf6 18. Rae1 Bd7 19. Ng3 {1-0 (27) Fedorov,A (2573)-Szadkowski,K (2291) Katowice 2017}) 13. c4 (13. Be3 $142) 13... c6 {[%emt 0:00:00] White is better.} 14. dxc6 bxc6 15. Ng3 Rd8 16. Bc2 Rb8 17. b3 h6 (17... Qc5 $2 18. Be3 Qe7 19. Bxa7 Qxa7 20. Nxe5 $18) 18. Be3 Bd4 19. Rb1 c5 20. Nd2 (20. Bd2 $16) 20... Nh4 21. Nde4 Nxe4 22. dxe4 ({Reject} 22. Nxe4 Qg6 23. Ng3 (23. g4 $2 f5 $19) 23... Bb7 24. Bxd4 Rxd4 25. Rxe5 Bxg2 $17) 22... Qf6 23. Qe2 a5 24. Red1 Rb6 25. Qh5 ({White should play} 25. Kh2 $14) 25... Rbd6 $11 26. Rf1 Ng6 (26... Qe7 $11 27. Rbd1 Bb7) 27. Ne2 (27. Nf5 $14) 27... Qe7 28. Rbd1 Bb7 (28... Bxe3 $11 29. fxe3 Rd2 30. Rxd2 Rxd2) 29. Ng3 ({Don't play} 29. Nxd4 exd4 30. Bc1 d3 $11) 29... Nh4 30. Bxd4 (30. Bd2 {looks sharper.} Rg6 31. Kh2 Rdd6 32. Be1) 30... cxd4 31. Bd3 Bc8 {[%emt 0:00:00] [#]} (31... Rb6 $11) 32. Kh1 (32. Nf5 $1 $16 Nxf5 33. exf5) 32... Ng6 33. Ne2 (33. Nf5 $14 Bxf5 34. exf5) 33... Rf6 34. Bb1 Bb7 {[%emt 0:00:00][%mdl 1024] Black has compensation.} (34... a4 $5) 35. Ng3 (35. f4 $11 {remains equal.}) 35... Nf4 $17 36. Qg4 Rg6 37. Qf3 Qg5 38. Rg1 Qf6 (38... Rf6 $17 {[%cal Of4h3] And now ...Nxh3! would win.} 39. Qg4 Qxg4 40. hxg4 Rg6) 39. Ne2 $11 Qh4 40. Nxf4 exf4 41. Kh2 f5 42. Qe2 Re6 43. f3 fxe4 44. fxe4 Rg6 45. Rgf1 Bc8 {[%emt 0:00:30] [#]} (45... Rg3 $11 46. Rf3 Qh5) 46. Qf2 $1 $16 Qg5 47. e5 {Prevents Rf6.} Qg3+ 48. Kh1 d3 49. Qxg3 Rxg3 50. Rxf4 Bb7 51. Rf2 Rxh3+ 52. Kg1 Rg3 53. Rfd2 Be4 54. Re1 Rd4 55. Kh2 Rg5 56. e6 {Strongly threatening e7.} Kf8 57. Red1 ({White should try} 57. Re3 $16) 57... Ke7 $1 $11 {[%emt 0:00:30][%cal Oe4f3] The position is equal.} ({Don't do} 57... Rh5+ 58. Kg1 $16) 58. Bxd3 Bf3 59. Re1 Bxg2 60. Rxg2 Rxg2+ 61. Kxg2 Rxd3 {[%emt 0:00:30] KR-KR} 62. Re2 Rc3 63. Kh2 a4 64. Rg2 g5 65. Rg3 Rxg3 {[%emt 0:00:30] White really could win this.  Weighted Error Value: White=0.23 (precise) /Black=0.25 (precise)} 1/2-1/2

[Event "1st Chessable Sunway Formentera 2022"]
[Site "Formentera Punta Prima"]
[Date "2022.05.06"]
[Round "8.8"]
[White "Eugene, Floryan"]
[Black "Romanishin, Oleg M"]
[Result "0-1"]
[ECO "C55"]
[WhiteElo "2370"]
[BlackElo "2400"]
[Annotator "TA"]
[PlyCount "190"]
[EventDate "2022.05.05"]
[EventType "swiss"]
[EventCountry "ESP"]
[SourceTitle "playchess.com"]
[Source "ChessBase"]
[SourceQuality "1"]
[TimeControl "40/5400+30:1800+30"]

1. e4 e5 2. Nf3 Nc6 3. Bc4 Nf6 4. d3 Be7 5. O-O O-O 6. Nc3 d6 7. a4 {[%emt 0:00:05] C55: Two Knights: 4 d3, 4 d4 exd4 5 e5 and Max Lange Attack.} a5 {[%emt 0:03:18] 7...Be6 is setting a new trend.} 8. Re1 Nb4 9. Ne2 {[%emt 0:26:34] White is slightly better.} Bg4 10. Ng3 {[%emt 0:10:22] [#]} Nd7 $146 ({Predecessor:} 10... c6 11. c3 d5 12. exd5 Bxf3 13. gxf3 cxd5 14. Bb5 Nc6 15. f4 exf4 16. Bxf4 Bd6 {1-0 (42) Van Foreest,J (2701)-Ivanisevic,I (2604) Terme Catez 2021}) 11. Nf5 Bf6 ({Black should try} 11... Bxf3 $11 12. gxf3 Bg5) 12. Ne3 $14 Be6 13. Bxe6 fxe6 14. c3 Nc6 15. Qb3 Nc5 16. Qc4 Kh8 17. b4 axb4 18. cxb4 Nxa4 19. b5 Nb6 20. Rxa8 Qxa8 21. Qxe6 Nb4 22. Qb3 Qa4 23. Qb1 Qxb5 24. Bd2 c5 25. Bxb4 cxb4 26. Qb3 Na4 27. Nc4 Nc5 28. Nxd6 Nxb3 29. Nxb5 {[%emt 0:00:03] Pair of Knights!} Nc5 (29... Rc8 $5 30. d4 Nxd4 31. Nbxd4 exd4 $15) 30. Rb1 (30. d4 $11 {keeps the balance.} exd4 31. e5) 30... Nxd3 $17 31. Kf1 Rc8 32. Rb3 Rc1+ 33. Ke2 Nf4+ 34. Kd2 Ra1 {[%emt 0:02:19] Black is more active.} 35. g3 Ra2+ 36. Ke1 (36. Kc1 $17 {was worth a try.} Nh3 37. Rb2 Rxb2 38. Kxb2) 36... Ra1+ (36... Ne6 $19 {is more deadly. Hoping for ...Nc5.} 37. Rxb4 Nc5) 37. Kd2 Ra2+ (37... Nh3 $1 $17 38. Rxb4 Ra2+ 39. Kd3 Nxf2+ 40. Kc4 Nxe4) 38. Ke1 $19 Nh3 39. Nd6 Ra1+ (39... Rxf2 40. Nxb7 h6 41. Nd6 $11) (39... Nxf2 $19 {Strongly threatening ...Kg8.} 40. Nd2 Kg8 $1) 40. Ke2 $15 Ra2+ 41. Nd2 (41. Ke3 $2 Nxf2 42. Nd2 (42. Rxb4 $2 Ng4+ 43. Kd3 Ra3+ 44. Kc4 Rxf3 $19) 42... Be7 $1 43. Nf7+ Kg8 44. Kxf2 Kxf7 $19) (41. Ke1 $1 $11 {was the only way to keep the balance.}) 41... Nxf2 {[%emt 0:05:32][%cal Of6e7] aiming for ...Be7!} 42. Rxb4 {[%emt 0:00:18] [#]} Be7 $1 43. Rc4 {[%emt 0:04:00] [#] White wants to mate with Rc8+.} h6 $1 44. Nf7+ (44. Nf5 Bg5) 44... Kh7 {[%emt 0:00:08] And now ...b5 would win.} 45. Nxe5 $2 {[%emt 0:00:07] [#] Now White is beyond hope.} (45. Kxf2 $15 Rxd2+ 46. Ke3 Rxh2 47. Nxe5) 45... b5 $1 $19 46. Rd4 {[%emt 0:09:48] [#]} (46. Kxf2 bxc4) 46... Bc5 $1 47. Rd5 Nxe4 $1 {[%emt 0:02:10] ...Nc3+ is the strong threat.} 48. Kd3 {[%emt 0:00:02] Inhibits Nc3.} Nf2+ ({Weaker is} 48... Rxd2+ 49. Kxe4 Rxd5 50. Kxd5 $17) (48... Nxd2 49. Rxc5 b4 50. Rb5 $17) 49. Ke2 {[%emt 0:00:40] [#]} Bb4 $1 50. Kxf2 (50. Nef3 Ne4 51. Rd4 Bxd2 52. Rxe4 Ba5+ 53. Kd1) 50... Rxd2+ 51. Rxd2 Bxd2 {[%emt 0:00:04][%mdl 4096] Endgame KB-KN} 52. Ke2 Bc3 53. Nf3 (53. Nd3 $142 Kg6 54. Nc1) 53... Kg6 54. Kd3 b4 55. g4 Kf6 56. h4 Ke6 $2 (56... g6 57. Ng1 Ke5) 57. Kc4 $2 (57. h5) 57... g6 {[%emt 0:00:44][%cal Bg7g6,Bg6g5][%mdl 32] White must now prevent ...Kd6.} 58. Kd3 Kd5 59. h5 g5 60. Ng1 Be5 61. Nf3 b3 62. Nd2 b2 63. Nb1 Bg7 64. Nd2 Ke5 65. Ke3 Bf6 66. Nb1 Be7 67. Nd2 Kd5 68. Kd3 Bb4 69. Nb1 Kc5 70. Kc2 Kc4 71. Kxb2 Kd3 72. Kb3 Be1 73. Na3 Ke4 74. Nc2 Bf2 75. Nb4 Kf3 (75... Bc5 $142 76. Nc6 Kf4 77. Kc4 Bb6 78. Kd3 Kxg4 79. Ne5+ Kxh5 80. Ke2 Bc7 81. Nf3 Kg4 82. Kf2 Bb6+ 83. Kg2 Kf4 84. Nh4 g4 85. Ng6+ Kg5 86. Ne5 h5 87. Kh1 Bd4 88. Nc6 Bf6 89. Kh2 h4 90. Nb4 Bd4 91. Nd3 h3 92. Kh1 Bb6 93. Kh2 Bc7+ 94. Kg1 g3 95. Ne1 Bb6+ 96. Kf1 Kg4 97. Nd3 g2+ 98. Ke1 g1=Q+ 99. Kd2 h2 100. Ne5+ Kf5 101. Nf3 Qf2+ 102. Kd3 h1=Q 103. Kc3 Qc1+ 104. Kb4 Qfc5+ 105. Kb3 Q5c4#) 76. Nd3 Bg3 {[%emt 0:00:31] Black mates.} 77. Nc5 Kxg4 78. Ne4 Be5 79. Kc4 Kxh5 80. Kd3 Kg4 81. Ke3 Kf5 82. Nf2 h5 83. Kf3 g4+ 84. Kg2 Bd4 85. Nh3 Be3 86. Kg3 Ke4 ({And not} 86... gxh3 87. Kxh3 (87. Kh2 Bh6 $11) 87... Bh6 88. Kh2 $11) 87. Kg2 h4 88. Kh1 Kf3 89. Kh2 g3+ 90. Kh1 Kg4 91. Kg2 Bb6 92. Kh1 Bc5 93. Kg2 Be3 94. Kh1 Kf3 95. Nf2 gxf2 {[%emt 0:00:23] Weighted Error Value: White=0.55/Black=0.26 (precise)} 0-1

[Event "1st Chessable Sunway Formentera 2022"]
[Site "Formentera Punta Prima"]
[Date "2022.05.06"]
[Round "8.9"]
[White "Jarmula, Lukasz"]
[Black "Chkhaidze, Nikoloz"]
[Result "1-0"]
[ECO "B47"]
[WhiteElo "2459"]
[BlackElo "2301"]
[Annotator "TA"]
[PlyCount "89"]
[EventDate "2022.05.05"]
[EventType "swiss"]
[EventCountry "ESP"]
[SourceTitle "playchess.com"]
[Source "ChessBase"]
[SourceQuality "1"]
[TimeControl "40/5400+30:1800+30"]

1. e4 c5 2. Nf3 e6 3. d4 cxd4 4. Nxd4 Nc6 5. Nc3 Qc7 6. Be2 Nf6 7. Ndb5 {[%emt 0:00:30] B47: Sicilian: Taimanov: 5 Nc3 Qc7 6 f4, 6 g3 and 6 Be2.} Qb8 8. f4 a6 {[%emt 0:00:30] [#]} 9. e5 $1 {[%emt 0:00:30] The position is equal.} axb5 10. exf6 b4 {[%emt 0:00:30] [#]} 11. fxg7 $1 Bxg7 12. Nb5 d5 {[%emt 0:00:30] [#]} 13. a4 $146 ({Predecessor:} 13. O-O Bd7 14. f5 Be5 15. h3 Rg8 16. Bg4 Ne7 17. fxe6 fxe6 18. Qd3 Qc8 19. Nd4 Qc4 20. Nxe6 Qxd3 21. cxd3 Rxg4 22. Rf8# {1-0 (22) Deac,B (2679)-Volokitin,A (2681) Chess.com INT 2022}) 13... bxa3 14. Rxa3 Rxa3 15. bxa3 O-O 16. O-O f5 (16... Bd7 $11) 17. Be3 Bd7 18. c4 Ne7 19. Bc5 {[%emt 0:00:30] White is more active.} (19. a4 $16) 19... Bxb5 $11 20. cxb5 Qc7 21. Bb4 Re8 (21... Bc3 $11) 22. Qd2 $14 Qd7 23. a4 Nc8 (23... b6 $1 $14) 24. a5 Nd6 25. Bxd6 Qxd6 26. a6 bxa6 27. bxa6 Qc5+ 28. Kh1 Rb8 29. Qa2 (29. Qd1 $16) 29... Qe3 30. Bb5 Bd4 {[%emt 0:00:30] [#]} (30... Rxb5 $2 31. a7 Qb3 32. Qxb3 Rxb3 33. a8=Q+ $18) 31. Qc2 $1 Kh8 (31... Rxb5 $2 32. Qc8+ Kf7 33. Qd7+ Kf6 34. Qxb5 $18) (31... Bc3 32. Bd3) 32. Bd7 Rg8 33. Qd1 {[%emt 0:00:30][%cal Od7e6] Black must now prevent Bxe6!} Rg6 (33... Qe4 $11 34. Qf3 Ra8) 34. Qf3 (34. Be8 $16 Rg7 35. Bh5) 34... Qd2 (34... Qxf3 $14 35. gxf3 (35. Rxf3 Rg7 $11) 35... Kg7) 35. Bb5 ({White should play} 35. g3 $16) 35... Kg7 $2 {[%emt 0:00:30][%mdl 8192] [#]} (35... Rg7 $14) 36. Rd1 $2 (36. Be8 $1 $18 ) 36... Qb2 {[%emt 0:00:30] [#]} (36... Qf2 $1 $14) 37. Bd3 (37. Be8 $1 $16 Rf6 38. Qg3+ Kh8 39. Qe1) 37... Kf6 38. Qh3 Qf2 39. Rf1 $36 {[%emt 0:00:30][%mdl 2048] White has some pressure. Really sharp!} Qd2 40. Bb5 Kg7 (40... Qc2 $11) 41. Be8 Rf6 ({Black should try} 41... Rg4 $14) 42. Qa3 $18 {[%emt 0:00:30] White wants to mate with a7.} Qe2 43. Rc1 {[%emt 0:00:30] Threatening mate with a7.} Rf8 (43... Qe3 $18 44. Rc7+ Kh6 45. Qxe3 Bxe3) 44. Qe7+ Kg8 {[%emt 0:00:30] [#]} 45. Bf7+ $1 {[%emt 0:00:30][%mdl 512] Weighted Error Value: White=0.33/Black=0.61} 1-0

[Event "1st Chessable Sunway Formentera 2022"]
[Site "Formentera Punta Prima"]
[Date "2022.05.06"]
[Round "8.10"]
[White "Alinasab, Mobina"]
[Black "Park, Evan"]
[Result "1-0"]
[ECO "C72"]
[WhiteElo "2373"]
[BlackElo "2431"]
[Annotator "TA"]
[PlyCount "41"]
[EventDate "2022.05.05"]
[EventType "swiss"]
[EventCountry "ESP"]
[SourceTitle "playchess.com"]
[Source "ChessBase"]
[SourceQuality "1"]
[TimeControl "40/5400+30:1800+30"]

1. e4 e5 2. Nf3 Nc6 3. Bb5 a6 4. Ba4 d6 5. O-O Bd7 6. d4 b5 7. Bb3 Nxd4 8. Nxd4 exd4 9. c3 dxc3 10. Qh5 Qf6 {[%emt 0:18:48] C72: Ruy Lopez: Deferred Steinitz: 5 0-0.} 11. Nxc3 {[%emt 0:01:56][%cal Bb1c3,Bc3e4,Be4f6][%mdl 32] And now Nd5 would win.} ({But not} 11. Bg5 Qg6 12. Qxg6 hxg6 13. Nxc3 Be7 $11) 11... Ne7 {[%emt 0:05:25] [#]} (11... c6 $14) 12. Re1 $1 $16 {[%emt 0:20:25] Hoping for Nd5. White is more active.} g6 {[%emt 0:02:47] [#]} (12... c6 $16 {might work better.}) 13. e5 $146 ({Predecessor:} 13. Nd5 gxh5 14. Nxf6+ Kd8 15. Bxf7 Bg7 16. Nxd7 Kxd7 17. Bxh5 Raf8 18. Re2 Ng6 19. Bg4+ {1-0 (36) De Firmian,N-Adler,B Gausdal 1982}) 13... dxe5 $14 14. Ne4 ({Much weaker is} 14. Qxe5 Qxe5 15. Rxe5 Bg7 $11) 14... Qg7 {[%emt 0:00:04][%mdl 8192] Loses the game.} (14... gxh5 $2 15. Nxf6+ Kd8 16. Rd1 $18) (14... O-O-O $16) 15. Qf3 $18 Bc6 {[%emt 0:02:13] [#] Threatens to win with ...f5.} 16. Bh6 $1 Qxh6 (16... f5 17. Bxg7) 17. Qxf7+ Kd8 18. Qe6 {[%emt 0:00:49] Intending Rad1+ and mate.} g5 19. Nf6 {[%emt 0:02:01] White mates.} Nc8 20. Qxc6 Bd6 21. Qd7# {[%emt 0:00:09] Weighted Error Value: White=0.10 (very precise) /Black=1.18} 1-0

[Event "1st Chessable Sunway Formentera 2022"]
[Site "Formentera Punta Prima"]
[Date "2022.05.06"]
[Round "8.11"]
[White "Lever, Erwan"]
[Black "Papadiamandis, Elliot"]
[Result "0-1"]
[ECO "A81"]
[WhiteElo "2209"]
[BlackElo "2373"]
[Annotator "TA"]
[PlyCount "94"]
[EventDate "2022.05.05"]
[EventType "swiss"]
[EventCountry "ESP"]
[SourceTitle "playchess.com"]
[Source "ChessBase"]
[SourceQuality "1"]
[TimeControl "40/5400+30:1800+30"]

1. d4 f5 2. Nf3 Nf6 3. g3 g6 4. b3 Bg7 5. Bb2 e6 6. Bg2 O-O 7. O-O d6 8. c4 {[%emt 0:00:07] A81: Dutch Defence: 2 g3.} Re8 9. Nc3 Nbd7 10. Qc2 {[%emt 0:00:24] White is slightly better.} e5 11. dxe5 {[%emt 0:00:20] [#]} dxe5 $146 ({Predecessor:} 11... Nxe5 12. Rad1 Qe7 13. e3 Nxf3+ 14. Bxf3 Ne4 15. Nd5 Qf7 16. Bxg7 Qxg7 17. Rd4 Ng5 {½-½ (41) Keskisarja,T (2282)-Lehtivaara,R (2164) Finland 2012}) 12. e4 Nf8 (12... Nxe4 $14 13. Nxe4 fxe4 14. Qxe4 c6) 13. Rad1 $16 Qe7 14. Rfe1 c6 15. exf5 Bxf5 16. Qc1 Qc7 17. h3 {[%emt 0:16:49] Against Bg4} N8d7 (17... e4 $16 18. Ng5 Rad8) 18. g4 $18 Be6 19. Ng5 Kh8 (19... Rad8 $16 {keeps fighting.}) 20. Nce4 Nxe4 21. Nxe6 (21. Nxe4 $142 Rad8 22. Bc3) 21... Rxe6 $16 22. Bxe4 Re7 23. Qd2 Rf7 24. Kg2 (24. Bg2 $14) 24... Nf8 25. Bc3 (25. Qd6 {is more complex.} Qa5 26. Bb1 Kg8 27. Re3) 25... Rd7 26. Qb2 Rxd1 27. Rxd1 Ne6 28. Qd2 Rd8 {[%emt 0:00:49] Prevents Qd6.} 29. Qe1 Rf8 30. f3 Nd4 31. Bb4 Ra8 32. Qe3 Qf7 33. h4 a5 34. Bd6 Qe6 35. c5 a4 36. Bb1 {[%emt 0:02:40][%cal Od1d4] aiming for Rxd4! This bishop pair is nice.} axb3 {[%emt 0:01:25] [#]} 37. Rxd4 $1 bxa2 38. Bxa2 Rxa2+ 39. Kh3 $2 {[%emt 0:00:08] [#]} (39. Kg3 $1 $11 Ra8 40. Re4) 39... h5 $1 $17 40. Re4 hxg4+ 41. Rxg4 b5 {[%emt 0:14:08] ...Ra4 is the strong threat.} 42. Qe4 {[%emt 0:00:27][%csl LRc6,LRg6] [#]} Qf5 $1 43. Qxc6 $2 (43. h5 $17) 43... Qb1 $19 44. Qe8+ Kh7 {[%emt 0:00:08] ( -> ...Qh1+)} 45. Rg3 Qh1+ {[%emt 0:00:11] Black mates.} 46. Kg4 Ra4+ 47. Kg5 Qxh4# {[%emt 0:00:05] Black used his chance.  Weighted Error Value: White=0.47/Black=0.09 (flawless)} 0-1

[Event "1st Chessable Sunway Formentera 2022"]
[Site "Formentera Punta Prima"]
[Date "2022.05.06"]
[Round "8.12"]
[White "Chiku-Ratte, Olivier-Kenta"]
[Black "Mouhamad, Joachim"]
[Result "1-0"]
[ECO "D31"]
[WhiteElo "2358"]
[BlackElo "2290"]
[Annotator "TA"]
[PlyCount "45"]
[EventDate "2022.05.05"]
[EventType "swiss"]
[EventCountry "ESP"]
[SourceTitle "playchess.com"]
[Source "ChessBase"]
[SourceQuality "1"]
[TimeControl "40/5400+30:1800+30"]

1. d4 d5 2. c4 e6 3. Nc3 a6 4. cxd5 exd5 5. Bf4 Nf6 6. e3 {[%emt 0:00:21] D31: Queen's Gambit Declined: Semi-Slav without ...Nf6 (+ Marshall Gambit and Noteboom) and Exchange Variation lines without ...Nf6.} Bd6 7. Bg5 c6 8. Bd3 {[%emt 0:03:48] The position is equal.} Be6 {[%emt 0:02:27] [#] 8...Nbd7 is a critical line.} 9. f4 $146 ({Predecessor:} 9. Qc2 Nbd7 10. f4 h6 11. Bh4 g5 12. fxg5 Ng4 13. Nf3 Be7 14. Qd2 hxg5 15. Bg3 {½-½ (38) Vrolijk,L (2480)-Suleymanli,A (2536) Reykjavik 2021}) 9... h6 10. Bh4 g5 11. fxg5 hxg5 12. Bxg5 Rxh2 ({Black should play} 12... Rg8 13. h4 Nbd7) 13. Rxh2 $16 Bxh2 {[%emt 0:00:02] [#]} 14. Qf3 $1 Nbd7 15. Nge2 {[%emt 0:02:34][%cal Bg1e2,Be2f4,Bf4e6][%mdl 32] aiming for g3.} Bd6 {[%emt 0:18:42][%cal Bh2d6,Bd6e7,Be7g5][%mdl 32] [#]} 16. O-O-O $1 {[%emt 0:03:02] Strongly threatening Rh1.} Be7 17. Rh1 {[%emt 0:03:16][%cal Bd1h1,Bh1h8,Bh8g8,Bg8f8][%mdl 32] Nf4 is the strong threat. White is more active.} Ng8 {[%emt 0:03:12] [#]} 18. Rh8 $1 {[%emt 0:12:36] White is clearly better.} Bxg5 19. Rxg8+ Nf8 20. Nf4 Qf6 (20... Bxf4 $142 21. exf4 Qd6) 21. Nxe6 $18 {[%emt 0:03:27] Pair of Knights!} Qxf3 22. Rxf8+ ({Worse is} 22. gxf3 Bxe3+ 23. Kc2 fxe6 24. Bg6+ Ke7 $17) 22... Ke7 23. gxf3 {[%emt 0:00:04] Black did not feel at home in the position after the opening.  Weighted Error Value: White=0.00 (flawless) /Black=0.14 (very precise)} 1-0